 Dungeon Crawl Stone Soup version 0.26-a0-652-gafc20e3620 (webtiles) character file.

Game seed: 6185617184460723402

7 Gargoyl the Skirmisher (level 2, -6/29 HPs)
             Began as a Gnoll Abyssal Knight on Oct 2, 2020.
             Was a Follower of Lugonu.
             Mangled by a raiju (7 damage)
             ... on level 1 of the Abyss.
             The game lasted 00:00:26 (168 turns).

Gargoyl the Skirmisher (Gnoll Abyssal Knight)        Turns: 168, Time: 00:00:26

Health: -6/29      AC:  3    Str: 14    XL:     2   Next: 4%
Magic:  5/5        EV: 12    Int: 20    God:    Lugonu [*.....]
Gold:   11         SH:  0    Dex: 14    Spells: 1/1 levels left

rFire    . . .     SeeInvis .   a - +1 hand axe
rCold    . . .     Faith    .   (no shield)
rNeg     . . .     Spirit   .   b - +0 leather armour
rPois    .         Reflect  .   (no helmet)
rElec    .         Harm     .   (no cloak)
rCorr    .         Rampage  .   (no gloves)
MR       .....                  (no boots)
Stlth    +.........             (no amulet)
HPRegen  0.09/turn              c - +6 ring of intelligence
MPRegen  0.09/turn              (no ring)

@: no status effects
A: distributed training, fangs 1, strong nose
a: Depart the Abyss, Renounce Religion


You were on level 1 of the Abyss.
You worshipped Lugonu.
Lugonu was aware of your devotion.
You visited 0 branches of the dungeon, and saw 0 of its levels.
You visited the Abyss 1 time.

You collected 11 gold pieces.

Inventory:

Hand Weapons
 a - a +1 hand axe (weapon)
Armour
 b - a +0 leather armour (worn)
Jewellery
 c - a +6 ring of intelligence (left hand)


   Skills:
 + Level 6.4 Fighting
 + Level 0.2 Short Blades
 + Level 0.2 Long Blades
 + Level 4.4 Axes
 + Level 0.2 Maces & Flails
 + Level 0.2 Polearms
 + Level 0.2 Staves
 + Level 0.2 Slings
 + Level 0.2 Bows
 + Level 0.2 Crossbows
 + Level 0.2 Throwing
 + Level 4.4 Armour
 + Level 2.4 Dodging
 + Level 0.2 Stealth
 + Level 0.2 Shields
 + Level 0.2 Unarmed Combat
 + Level 0.2 Spellcasting
 + Level 0.1 Conjurations
 + Level 0.1 Hexes
 + Level 0.1 Summonings
 + Level 0.1 Necromancy
 + Level 0.1 Translocations
 + Level 0.1 Transmutations
 + Level 0.1 Fire Magic
 + Level 0.1 Ice Magic
 + Level 0.1 Air Magic
 + Level 0.1 Earth Magic
 + Level 0.1 Poison Magic
 + Level 4.4 Invocations
 + Level 0.2 Evocations


You had one spell level left.
You didn't know any spells.
Your spell library was empty.

Dungeon Overview and Level Annotations

Branches:
Dungeon (0/15)

Altars:


Innate Abilities, Weirdness & Mutations

Your experience applies equally to all skills.
You have very sharp teeth.
Your uncanny sense of smell can sniff out nearby items.


Message History

You hit the white imp.
You kill the white imp!
You have reached level 2!
A spatial vortex comes into view.
HP restored.
A wretched star materialises.
A small abomination comes into view.
Found 4 gold pieces.
A raiju comes into view.
The raiju barks!
The raiju bursts into living lightning!
The living lightning hits you!!
Ouch! That really hurt!
* * * LOW HITPOINT WARNING * * *
The raiju blinks! x2
The raiju misses you. The raiju bites you.
* * * LOW HITPOINT WARNING * * *
The raiju shocks you!
You die...

≈≈≈≈≈ ≈≈♣≈≈≈≈≈≈≈
#..≈≈≈≈♣≈♣≈≈≈≈≈≈≈ ≈≈
##..≈≈≈≈≈≈≈♣≈≈≈≈♣≈≈≈≈
##.#.x≈≈≈≈≈.≈≈≈≈
≈≈≈≈≈ #....≈≈
#.≈≈≈≈###≈§≈≈≈
#...≈≈##≈♣♣≈≈..≈ *##
#...##..#.*≈.#..##.##
#..#.....#§# ....#.#
#@.3.#####..# .#..
#..h### ##. #.##
#...## ###...# #...#.
..#.. ...#. # .#....
..$.#. .# . .... .# .
.##. .... # # #. #


You could see a wretched star, a raiju and a neqoxec.

Vanquished Creatures
  A white imp (Abyss:1)
1 creature vanquished.

Notes
Turn   | Place    | Note
-------+----------+-------------------------------------------
     0 | Abyss:1  | Gargoyl the Gnoll Abyssal Knight began the quest for the
                  | Orb.
     0 | Abyss:1  | Reached XP level 1. HP: 23/23 MP: 3/3
    92 | Abyss:1  | Found a corrupted altar of Lugonu.
   112 | Abyss:1  | Reached XP level 2. HP: 24/29 MP: 5/5
   133 | Abyss:1  | Noticed a spatial vortex
   162 | Abyss:1  | Noticed a wretched star
   162 | Abyss:1  | Noticed a neqoxec
   165 | Abyss:1  | Noticed a small abomination
   166 | Abyss:1  | Noticed a raiju
   168 | Abyss:1  | HP: 1/29 [raiju (5)]
   168 | Abyss:1  | Mangled by a raiju

Illustrated notes

Levels and vault maps discovered:
Abyss:1

Action                   || total
-------------------------++-------
Melee: Hand axe          ||     4
Armor: Leather armour    ||     2
Dodge: Dodged            ||     2

Table legend: (Time is in decaauts)
 A = Elapsed time spent in this place.
 B = Non-inter-level travel time spent in this place.
 C = Inter-level travel time spent in this place.
 D = Time resting spent in this place.
 E = Time spent auto-exploring this place.
 F = Levels seen in this place.
 G = Mean time per level.
                   A        B        C        D        E       F      G
               +--------+--------+--------+--------+--------+-----+--------+
         Total |    167 |    167 |      0 |      0 |    137 |   1 |  167.0 |
         Abyss |    167 |    167 |      0 |      0 |    137 |   1 |  167.0 |
               +--------+--------+--------+--------+--------+-----+--------+

Top non-repeatable levels by time:
 Abyss:1: 167 daAuts
